Map: Heavy Artillery LE

Players

Massa - Winner!

  • Race: Terran Terran
  • League: Gold
  • Spawn Location: 3:00

qqq - Winner!

  • Race: Terran Terran
  • League: Platinum
  • Spawn Location: 1:00

MeTTDaemon

  • Race: Zerg Zerg
  • League: Platinum
  • Spawn Location: 7:00

PlayNicely

  • Race: Protoss Protoss
  • League: Platinum
  • Spawn Location: 7:00

VOD

Have the link to the VOD?

Description

Time

  • Played on: June 2, 2020, 11:54 a.m.
  • Length: 12:09
Show
View Real Time Build Order
Export as new Build Order

Massa Terran - Winner!

Build Orders: Command Center First (CC) 

Get SALT Encoding   

  12  0:13  SCV  
  13  0:14  Supply Depot  
  13  0:25  SCV  
  14  0:37  SCV  
  15  0:49  SCV  
  16  1:01  SCV  
  17  1:11  Command Center  
  17  1:15  Refinery  
  17  1:23  Engineering Bay  
  18  1:25  SCV  
  18  1:37  SCV  
  19  1:48  Refinery  
  19  1:49  SCV  
  20  2:02  SCV  
  21  2:14  SCV  
  22  3:00  Planetary Fortress  
  22  3:05  Barracks  
  22  3:09  SCV  
  22  3:21  SCV  
  23  3:40  SCV  
  24  3:49  SCV  
  24  3:52  SCV  
  24  3:53  Command Center  
  26  3:56  Hi-Sec Auto Tracking  
  26  4:01  SCV  
  27  4:05  SCV  
  28  4:14  SCV  
  28  4:17  SCV  
  26  4:46  Supply Depot  
  26  4:53  Barracks  
  26  4:56  Barracks  
  26  4:58  Barracks  
  26  5:01  Terran Infantry Weapons Level 1  
  26  5:05  SCV  
  27  5:08  Supply Depot  
  27  5:16  Barracks  
  27  5:17  SCV  
  28  5:29  SCV x2  
  28  5:31  Barracks  
  30  5:40  Supply Depot  
  30  5:41  SCV x2  
  32  5:43  Supply Depot  
  32  5:44  Marine x3, Supply Depot  
  35  5:53  SCV x2  
  37  6:01  Marine  
  37  6:02  Marine x2  
  40  6:05  SCV  
  40  6:07  Orbital Command  
  41  6:13  Missile Turret  
  41  6:18  SCV, Marine  
  42  6:19  Marine x2  
  42  6:20  Marine  
  42  6:24  Barracks Tech Lab  
  46  6:33  Missile Turret  
  46  6:34  Factory  
  46  6:36  Marine  
  46  6:37  Marine x3  
  42  6:48  Marine  
  41  6:54  Marine  
  41  6:55  Marine x3  
  41  6:56  Terran Infantry Armor Level 1  
  44  7:06  Marine  
  42  7:12  Marine  
  42  7:13  Marine x3  
  46  7:18  Stimpack  
  46  7:20  Factory Tech Lab  
  46  7:24  Marine  
  47  7:30  Marine x2  
  47  7:31  Marine x2  
  51  7:42  Marauder  
  53  7:48  Marine x2  
  53  7:50  Marine x2  
  54  7:57  Siege Tank  
  57  8:04  Marauder, Missile Turret  
  59  8:09  Missile Turret  
  59  8:12  Orbital Command  
  59  8:17  Refinery  
  59  8:20  Marine x3  
  59  8:25  Marauder  
  65  8:29  Siege Tank  
  65  8:31  Barracks Tech Lab  
  67  8:38  Marine x2  
  67  8:39  Barracks Reactor  
  69  8:47  Marauder, Supply Depot  
  71  8:51  Supply Depot  
  71  8:56  Marine x2  
  71  8:58  Combat Shield  
  73  9:08  Marauder  
  75  9:13  Marine  
  71  9:29  Marauder  
  72  9:34  Siege Tank  
  72  9:35  Marauder, Marine x4  
  81  9:41  SCV  
  82  9:51  Marauder  
  84  9:52  Marine  
  84  9:53  SCV, Marine x3  
  84  9:55  Command Center  
  84  9:56  Marauder  
  84  9:59  Bunker  
  82  10:10  Marine x2  
  82  10:11  Marine  
  82  10:12  Marauder  
  87  10:17  Concussive Shells  
  87  10:18  Marauder  
  83  10:30  Marine x3  
  83  10:34  Marauder  
  88  10:39  Marauder  
  90  10:44  Siege Tank  
  93  11:00  Marauder  
  94  11:06  Marauder  
  94  11:09  Marine x3  
  94  11:10  Marine  
  98  11:16  Siege Tank  
  94  11:22  Marauder  
  95  11:27  Marine x4  
  95  11:28  Marauder  
  87  11:43  Marauder  
  87  11:45  Marine x4  
Show
View Real Time Build Order
Export as new Build Order

qqq Terran - Winner!

Build Orders:  

Get SALT Encoding   

  12  0:03  SCV  
  13  0:19  Supply Depot  
  13  0:21  Refinery  
  13  0:24  SCV  
  14  0:43  Barracks  
  14  0:44  SCV  
  15  1:05  SCV  
  15  1:07  Refinery  
  16  1:15  Barracks  
  16  1:17  SCV  
  17  1:30  SCV, Reaper  
  19  1:36  Supply Depot  
  19  1:48  SCV  
  20  2:00  SCV  
  21  2:02  Reaper  
  22  2:08  Reaper  
  22  2:12  SCV  
  24  2:26  Supply Depot  
  24  2:34  Reaper  
  25  2:40  Reaper  
  25  3:06  Reaper  
  25  3:10  Command Center  
  26  3:13  Reaper  
  26  3:17  Barracks  
  27  3:39  Reaper  
  28  3:45  Reaper  
  27  3:57  Barracks  
  25  4:11  Reaper  
  25  4:13  Reaper  
  27  4:17  Reaper  
  28  4:43  Reaper  
  28  4:45  Reaper  
  30  4:49  Reaper  
  30  4:57  Factory  
  30  5:00  Barracks Tech Lab  
  30  5:02  SCV  
  30  5:03  SCV  
  32  5:11  Refinery  
  31  5:14  SCV  
  31  5:15  SCV  
  31  5:17  Reaper  
  36  5:21  Marine  
  36  5:25  Barracks Reactor  
  36  5:27  SCV  
  37  5:39  SCV, Marine  
  37  5:47  Bunker  
  37  5:49  Reaper  
  38  5:50  Bunker  
  38  5:51  SCV  
  38  5:53  Bunker  
  39  6:03  SCV  
  40  6:15  SCV  
  41  6:21  Marine  
  41  6:22  Starport  
  41  6:25  Refinery  
  42  6:28  SCV  
  43  6:40  SCV  
  43  6:41  Siege Tank  
  45  6:52  SCV  
  40  7:01  Marine  
  40  7:02  Marine x3  
  40  7:04  Marine  
  43  7:14  Siege Tank  
  38  7:20  Orbital Command  
  38  7:22  Liberator  
  35  7:46  Siege Tank  
  35  7:47  SCV  
  39  7:59  SCV  
  40  8:09  Marine x2  
  40  8:11  SCV  
  43  8:14  Barracks Tech Lab  
  43  8:18  Siege Tank  
  46  8:32  Supply Depot  
  46  8:54  SCV  
  46  8:55  Supply Depot  
  47  8:58  SCV  
  48  9:05  Starport Tech Lab  
  48  9:06  SCV, Fusion Core  
  46  9:10  SCV  
  47  9:17  Starport  
  47  9:18  SCV, Supply Depot  
  47  9:22  SCV  
  43  9:30  SCV  
  44  9:34  SCV  
  45  9:42  SCV  
  46  9:46  SCV  
  47  9:54  SCV  
  47  9:58  SCV  
  49  10:06  SCV  
  50  10:10  SCV  
  51  10:17  Battlecruiser  
  51  10:19  SCV  
  55  10:24  Marine x3  
  55  10:25  Marine x2  
  55  10:28  Command Center  
  60  10:31  SCV  
  60  10:33  Siege Tank  
  64  10:36  Starport Tech Lab  
  64  10:42  Marine  
  65  10:48  Marauder  
  65  10:49  Marine x2  
  69  11:02  Supply Depot  
  69  11:23  Marauder  
  69  11:24  Supply Depot  
  83  11:45  Marauder  
Show
View Real Time Build Order
Export as new Build Order

MeTTDaemon Zerg 

Build Orders: Pool First 

Get SALT Encoding   

  12  0:01  Drone  
  13  0:08  Drone  
  14  0:17  Overlord  
  15  0:35  Drone x3  
  17  0:44  Spawning Pool  
  17  0:49  Drone  
  17  0:57  Drone  
  18  1:16  Hatchery  
  17  1:19  Extractor, Drone  
  17  1:20  Drone  
  18  1:32  Drone  
  19  1:40  Drone  
  19  1:47  Queen  
  22  1:55  Overlord  
  22  2:01  Roach Warren  
  21  2:03  Drone  
  23  2:22  Drone  
  23  2:29  Drone x2  
  25  2:32  Queen  
  27  2:42  Roach x2  
  27  2:43  Extractor  
  30  2:48  Roach  
  32  2:53  Roach  
  32  2:56  Drone  
  32  2:57  Drone  
  36  3:00  Overlord  
  36  3:01  Overlord  
  36  3:20  Roach x4  
  44  3:32  Roach x2  
  46  3:51  Roach x3  
  52  4:24  Roach x3  
  52  4:25  Roach  
  48  4:43  Roach x2  
  48  4:45  Overlord x2  
  52  5:01  Lair  
  52  5:03  Drone x3  
  52  5:04  Hatchery  
  56  5:21  Roach x4  
  56  5:27  Evolution Chamber  
  61  5:31  Overlord  
  61  5:33  Drone x3  
  61  5:34  Drone  
  65  5:46  Ravager x3  
  68  5:51  Drone x4  
  72  6:01  Roach  
  72  6:02  Roach  
  76  6:20  Drone x3  
  76  6:24  Spore Crawler  
  78  6:26  Queen  
  78  6:27  Drone  
  78  6:28  Drone  
  78  6:31  Spore Crawler  
  78  6:32  Drone  
  82  6:33  Overlord  
  82  6:34  Overlord  
  82  6:37  Zerg Missile Weapons Level 1  
  67  7:16  Roach x6  
  67  7:17  Roach x3  
  85  7:33  Roach x2  
  85  7:41  Roach x2  
  89  7:45  Drone  
  89  7:46  Drone x2  
  92  7:53  Roach x2  
  96  8:02  Spore Crawler  
  96  8:05  Spore Crawler  
  94  8:12  Drone x2  
  96  8:13  Overlord x2  
  96  8:14  Drone x2  
  98  8:21  Glial Reconstitution  
  98  8:31  Zerg Ground Armor Level 1  
  98  9:04  Roach x8  
  98  9:08  Overlord x5  
  64  9:33  Roach x9  
  82  9:48  Drone, Extractor  
  82  9:52  Extractor  
  81  9:53  Extractor  
  81  9:54  Drone x4  
  81  9:55  Extractor  
  71  10:06  Ravager x4  
  61  10:34  Roach x4  
  61  10:35  Roach x3  
  72  10:53  Roach  
  72  10:54  Roach x3  
  80  11:09  Roach x3  
  76  11:19  Roach x2  
  76  11:21  Zergling x8  
Show
View Real Time Build Order
Export as new Build Order

PlayNicely Protoss 

Build Orders: 1 Gate Expand 

Get SALT Encoding   

  12  0:01  Probe  
  13  0:13  Probe  
  14  0:19  Pylon  
  14  0:25  Probe (Chrono Boost)  
  15  0:38  Probe (Chrono Boost)  
  15  0:42  Gateway  
  16  0:46  Probe (Chrono Boost)  
  17  0:50  Assimilator  
  17  0:52  Probe  
  18  1:04  Probe  
  19  1:34  Cybernetics Core  
  19  1:37  Nexus  
  19  1:38  Probe  
  20  1:43  Assimilator  
  20  1:48  Pylon  
  20  1:51  Probe (Chrono Boost)  
  21  2:03  Probe (Chrono Boost)  
  22  2:08  Adept (Chrono Boost)  
  22  2:10  Probe (Chrono Boost)  
  25  2:21  Twilight Council  
  25  2:25  Probe  
  25  2:37  Probe  
  26  2:45  Stalker  
  28  3:02  Probe  
  29  3:07  Forge  
  29  3:14  Probe x2  
  29  3:15  Stalker  
  29  3:19  Gateway  
  33  3:26  Probe x2  
  35  3:38  Probe  
  31  3:51  Photon Cannon  
  31  3:52  Stalker  
  30  4:05  Photon Cannon  
  30  4:08  Probe (Chrono Boost)  
  27  4:18  Probe (Chrono Boost)  
  27  4:23  Probe (Chrono Boost)  
  6  5:06  Probe (Chrono Boost)  
  7  5:16  Probe (Chrono Boost)  
  7  5:17  Probe (Chrono Boost)  
  9  5:24  Probe (Chrono Boost)  
  9  5:26  Probe (Chrono Boost)  
  11  5:34  Probe  
  12  5:36  Probe  
  13  5:46  Probe  
  14  5:51  Probe (Chrono Boost)  
  15  5:58  Probe (Chrono Boost)  
  17  6:07  Probe (Chrono Boost)  
  17  6:09  Probe (Chrono Boost)  
  18  6:15  Probe (Chrono Boost)  
  20  6:18  Probe (Chrono Boost)  
  20  6:21  Probe (Chrono Boost), Stalker  
  20  6:25  Probe (Chrono Boost)  
  24  6:28  Stalker  
  26  6:33  Probe  
  26  6:39  Probe  
  28  6:45  Probe  
  29  6:48  Warp Gate (Chrono Boost)  
  29  6:51  Probe  
  30  6:58  Stalker  
  32  7:09  Stalker  
  34  7:25  Blink (Chrono Boost)  
  34  7:26  Probe (Chrono Boost)  
  34  7:28  Stalker  
  34  7:29  Probe (Chrono Boost)  
  38  7:37  Probe x2 (Chrono Boost)  
  40  7:39  Stalker  
  40  7:42  Probe x2 (Chrono Boost)  
  43  7:45  Pylon  
  43  7:46  Assimilator  
  43  7:51  Assimilator  
  44  7:54  Probe (Chrono Boost)  
  45  8:00  Protoss Ground Weapons Level 1  
  45  8:04  Probe (Chrono Boost)  
  46  8:09  Probe (Chrono Boost)  
  47  8:19  Nexus  
  47  8:21  Pylon  
  47  8:22  Probe, Assimilator  
  47  8:24  Assimilator  
  47  8:26  Probe  
  49  8:34  Probe, Gateway  
  49  8:38  Probe  
  51  8:41  Stalker x2  
  55  9:00  Photon Cannon  
  55  9:05  Pylon  
  55  9:09  Probe  
  56  9:18  Charge  
  56  9:21  Probe  
  45  9:28  Stalker x3  
  47  9:33  Probe  
  48  9:40  Pylon  
  48  9:42  Pylon  
  48  9:44  Stargate  
  48  9:52  Photon Cannon  
  48  9:53  Probe x3, Photon Cannon  
  48  9:58  Stalker  
  53  10:00  Stalker  
  53  10:05  Probe x2  
  55  10:25  Shield Battery, Stalker x2  
  57  10:29  Oracle (Chrono Boost)  
  62  11:05  Pylon  
  62  11:07  Pylon  
Tags
 
Add a new tag
Caveats
  • Supply blocks, unpowered buildings, or Contaminate may cause inaccurate times.
  • Supply counts are checked every 10 seconds.